 Dungeon Crawl Stone Soup version 0.29-a0-409-gd843f3a48c (webtiles) character file.

Game seed: 6541365989525071070

1826 holysushi the Magician (level 8, -4/52 (57) HPs)
             Began as a Mummy Necromancer on May 14, 2022.
             Was a Believer of Okawaru.
             Slain by an orc warrior
             ... wielding a +0 long sword
              (12 damage)
             ... on level 5 of the Dungeon.
             The game lasted 00:17:25 (7906 turns).

holysushi the Magician (Mummy Necromancer)          Turns: 7906, Time: 00:17:25

HP:   -4/52 (57)    AC:  6    Str: 11    XL:     8   Next: 86%
MP:   12/16         EV: 15    Int: 14    God:    Okawaru [**....]
Gold: 208           SH:  0    Dex: 21    Spells: 4/18 levels left

rFire   x . .      SeeInvis .   i - +2 dagger (speed)
rCold   + . .      Faith    .   (no shield)
rNeg    + + +      Spirit   .   a - +0 robe
rPois   ∞          Reflect  .   (no helmet)
rElec   .          Harm     .   t - scarf {+Inv}
rCorr   .          Rampage  .   s - +2 pair of gloves
Will    +....                   e - +0 pair of boots
Stlth   +++.......              (no amulet)
HPRegen 0.17/turn               d - ring of wizardry
MPRegen 0.15/turn               j - +6 ring of dexterity

@: drained
A: cold resistance 1, negative energy resistance 3, torment resistance 2, heat
vulnerability 1, in touch with death 1, no potions
a: Renounce Religion, Evoke Invisibility, Heroism


You were on level 5 of the Dungeon.
You worshipped Okawaru.
Okawaru was pleased with you.
You visited 1 branch of the dungeon, and saw 6 of its levels.

You collected 208 gold pieces.

Inventory:

Hand Weapons
 i - a +2 dagger of speed (weapon)
Armour
 a - a +0 robe (worn)
 e - a +0 pair of boots (worn)
 k - a +0 cloak
 s - a +2 pair of gloves (worn)
 t - a scarf of invisibility (worn)
Jewellery
 c - a ring of resist corrosion
 d - a ring of wizardry (left hand)
 j - a +6 ring of dexterity (right hand)
Scrolls
 b - a scroll of torment
 f - 2 scrolls of fear {unknown}
 g - 4 scrolls of teleportation {unknown}
 h - 2 scrolls of immolation
 l - a scroll of brand weapon
 o - a scroll of fog {unknown}
 p - a scroll of magic mapping {unknown}
 q - a scroll of poison {unknown}
 r - a scroll of enchant armour {unknown}


   Skills:
 + Level 2.9 Fighting
 + Level 5.3 Short Blades
 + Level 5.2 Dodging
 - Level 3.0 Stealth
 - Level 1.3 Unarmed Combat
 - Level 5.5 Spellcasting
 - Level 2.0 Hexes
 - Level 4.0 Necromancy
 + Level 0.0 Invocations
 - Level 1.4 Evocations


You had 4 spell levels left.
You knew the following spells:

 Your Spells              Type           Power      Damage    Failure   Level
a - Pain                  Necr           88%        1d8       1%          1
b - Vampiric Draining     Necr           22%        2d7       4%          3
c - Dazzling Flash        Conj/Hex       12%        N/A       13%         3
d - Passwall              Tmut/Erth      2%         N/A       11%         2
e - Agony                 Necr           22%        N/A       32%         5

Your spell library contained the following spells:

 Spells                   Type           Power      Damage    Failure   Level
 Sandblast                Erth           6%         2d5       7%          1
 Scorch                   Fire           6%         2d5       11%         2
 Stone Arrow              Conj/Erth      6%         3d7       21%         3
 Flame Wave               Conj/Fire      3%         2d4       52%         4
 Silence                  Hex/Air        3%         N/A       73%         5
 Animate Skeleton         Necr           Unusable   N/A       N/A         1
 Animate Dead             Necr           Unusable   N/A       N/A         4
 Summon Cactus Giant      Summ           Unusable   N/A       N/A         6

Dungeon Overview and Level Annotations

Branches:
Dungeon (6/15)             Temple (0/1) D:4

Altars:
Dithmenos
Okawaru

Shops:
D:1 *

Annotations:
D:3 exclusion: downstairs
D:5 exclusion: 2 downstairs, Eustachio


Innate Abilities, Weirdness & Mutations

You are immune to poison.
Your flesh is cold resistant. (rC+)
You are immune to negative energy. (rN+++)
You are immune to unholy pain and torment.
You are vulnerable to heat. (rF-)
You are in touch with the powers of death.
You do not drink.


Message History

The orc warrior misses you.
Unknown command.
Okay, then.
The orc wizard mumbles some strange words.
The orc wizard flickers and vanishes!
You hit the orc warrior but do no damage.
The orc warrior hits you with a +0 long sword!
Things that are here:
a +0 robe; a +0 dagger; an orc skeleton You bump into the rock wall.
The orc warrior hits you with a +0 long sword!
Unknown command.
Okay, then.
You bump into the rock wall.
You feel less confused. The orc warrior misses you.
Unknown command.
There is a stone staircase leading up here.
The orc warrior hits you with a +0 long sword!
* * * LOW HITPOINT WARNING * * *
You climb upwards.
Level annotation: exclusion: 2 downstairs, Eustachio Reactivating autopickup.
There is a stone staircase leading down here.
Okay, then.
Okay, then.
Okay, then.
You aren't carrying any items that you can evoke.
Unknown command.
As you read the scroll labelled WUFERIFIEG, it crumbles to dust.
You hear a loud clanging noise!
It was a scroll of noise.
You hear a shout!
The orc warrior misses you.
Your magical contamination has completely faded away.
As you read the scroll labelled PYEME USTECETZ, it crumbles to dust.
Wisps of shadow whirl around you...
The shadows disperse without effect.
It was a scroll of summoning.
The orc warrior hits you with a +0 long sword!
You die...

#.# #.......'.....#.......# #.#
#.......#######.####### # #.#
#.......# ####.# # #.#
#.......# #[...# # #.#
#.......# #.#### ####.#
#.##'#### #.# ...#.# #.##.# #.#
##.#.###)##.#######.#
...............o@##.#
.#.#.######.####.##.#
.....###########.##.########.##
#................!#......^....#
##≈..###!...####..#############
≈≈#..###....####..#
≈≈#≈..#.@...+[##..# ≈#≈≈..#...
.#.##..# ≈≈≈#..#.# #.##..#


You could see an orc warrior.

Vanquished Creatures
  Grinder (D:5)
  Prince Ribbit (D:5)
  Menkaure (D:5)
  2 black bears (D:5)
  2 ice beasts (D:5)
  2 ogres
  A centaur (D:5)
  Blork the orc (D:4)
  A necrophage (D:4)
  3 scorpions
  Crazy Yiuf (D:2)
  Jessica (D:2)
  4 orc wizards
  3 iguanas
  Robin (D:2)
  4 gnolls (D:4)
  6 adders
  2 worms
  3 dart slugs
  16 orcs
  6 bats
  6 endoplasms
  A giant cockroach (D:4)
  8 goblins
  11 hobgoblins
  2 jackals
  4 kobolds
  5 quokkas
  5 ball pythons
  2 frilled lizards (D:1)
  7 rats
113 creatures vanquished.

Vanquished Creatures (others)
  4 plants (D:4)
4 creatures vanquished.

Grand Total: 117 creatures vanquished

Notes
Turn   | Place    | Note
-------+----------+-------------------------------------------
     0 | D:1      | holysushi the Mummy Necromancer began the quest for the
                  | Orb.
     0 | D:1      | Reached XP level 1. HP: 13/13 MP: 4/4
   423 | D:1      | Reached XP level 2. HP: 15/19 MP: 0/6
   859 | D:1      | Found Xaditz's General Store.
   894 | D:1      | Found a faded altar of an unknown god.
  1471 | D:2      | Noticed Robin
  1579 | D:2      | Gained mutation: You are in touch with the powers of death.
                  | [Mummy growth]
  1579 | D:2      | Reached XP level 3. HP: 18/25 MP: 6/8
  1626 | D:2      | Learned a level 3 spell: Vampiric Draining
  1823 | D:2      | Reached skill level 1 in Fighting
  1922 | D:2      | Noticed Jessica
  1924 | D:2      | Killed Jessica
  1925 | D:2      | Reached skill level 1 in Unarmed Combat
  1953 | D:2      | Killed Robin
  1954 | D:2      | Reached XP level 4. HP: 20/32 MP: 3/10
  2763 | D:2      | Found a runed translucent door.
  2764 | D:2      | Noticed Crazy Yiuf
  2783 | D:2      | Killed Crazy Yiuf
  2908 | D:3      | Found an iron altar of Okawaru.
  2939 | D:3      | Became a worshipper of Warmaster Okawaru
  2971 | D:3      | Reached XP level 5. HP: 38/38 MP: 12/12
  3012 | D:3      | Reached skill level 1 in Short Blades
  3012 | D:3      | Reached skill level 5 in Spellcasting
  3469 | D:4      | Found a shadowy altar of Dithmenos.
  3477 | D:4      | Learned a level 3 spell: Dazzling Flash
  3480 | D:4      | Learned a level 2 spell: Passwall
  3825 | D:4      | Noticed Blork the orc
  3849 | D:4      | Killed Blork the orc
  3850 | D:4      | Reached XP level 6. HP: 38/44 MP: 5/14
  3953 | D:4      | Reached skill level 1 in Hexes
  4065 | D:4      | Found a staircase to the Ecumenical Temple.
  4882 | D:4      | Reached XP level 7. HP: 38/50 MP: 1/15
  5564 | D:5      | Entered Level 5 of the Dungeon
  6001 | D:5      | Noticed Prince Ribbit
  6014 | D:5      | Killed Prince Ribbit
  6014 | D:5      | Reached * piety under Okawaru
  6230 | D:5      | Noticed Eustachio
  6256 | D:5      | Reached XP level 8. HP: 51/56 MP: 16/16
  6300 | D:5      | Reached ** piety under Okawaru
  6672 | D:5      | Noticed Menkaure
  6675 | D:5      | Killed Menkaure
  6873 | D:5      | Reached skill level 5 in Short Blades
  6903 | D:5      | Learned a level 5 spell: Agony
  7021 | D:5      | Reached skill level 5 in Dodging
  7051 | D:5      | Noticed Grinder
  7064 | D:5      | Paralysed by Grinder for 5 turns
  7076 | D:5      | Paralysed by Grinder for 3 turns
  7084 | D:5      | Killed Grinder
  7085 | D:5      | Reached skill level 1 in Evocations
  7569 | D:6      | Noticed a hornet
  7906 | D:5      | Slain by an orc warrior

Illustrated notes

Levels and vault maps discovered:
D:1:      elethiomel_arrival_infinity_welcomes_careful_drivers, layout_basic,
          shapermc_ecumenical_altar_mp_highgroup, serial_shops, shop
D:2:      layout_loops_ring, kennysheep_generic_room_13, uniq_jessica,
          uniq_crazy_yiuf_cottage, uniq_robin
D:3:      layout_basic, mainiacjoe_overflow_tiny_flanked
D:4:      layout_layer_cave, nicolae_dithmenos_through_a_glass_darkly,
          minmay_temple_entry_gardened_gates, uniq_blork_the_orc
D:5:      layout_basic, minivault_4, uniq_grinder, uniq_menkaure,
          uniq_prince_ribbit1, uniq_eustachio
D:6:      layout_loops_ring

Skill      XL: |  1  2  3  4  5  6  7  8 |
---------------+-------------------------+-----
Spellcasting   | 3 4 5 |  5.5
Fighting       | 1 2 |  2.9
Unarmed Combat | 1 |  1.3
Short Blades   | 2 4 5 |  5.3
Dodging        | 2 4 5 |  5.2
Hexes          | 2 |  2.0
Stealth        | 2 3 |  3.0
Evocations     | 1 |  1.4
Necromancy     | |  4.0

Action                   |  1- 3 |  4- 6 |  7- 9 || total
-------------------------+-------+-------+-------++-------
Melee: Unarmed           |    30 |       |       ||    30
       Dagger            |    11 |   102 |   119 ||   232
       Punch             |     1 |     1 |     6 ||     8
 Cast: Pain              |    60 |    82 |    29 ||   171
       Vampiric Draining |       |     8 |    12 ||    20
       Dazzling Flash    |       |     1 |     8 ||     9
Invok: Heroism           |       |       |     1 ||     1
  Use: Scroll            |       |     3 |     2 ||     5
 Stab: Sleeping          |       |     1 |     3 ||     4
       Invisible         |       |       |     6 ||     6
Armor: Robe              |     8 |    20 |    15 ||    43
Dodge: Dodged            |    33 |    60 |    62 ||   155

Table legend: (Time is in decaauts)
 A = Elapsed time spent in this place.
 B = Non-inter-level travel time spent in this place.
 C = Inter-level travel time spent in this place.
 D = Time resting spent in this place.
 E = Time spent auto-exploring this place.
 F = Levels seen in this place.
 G = Mean time per level.
                   A        B        C        D        E       F      G
               +--------+--------+--------+--------+--------+-----+--------+
         Total |   7806 |   7419 |    387 |   2040 |   4121 |   6 | 1301.0 |
       Dungeon |   7806 |   7419 |    387 |   2040 |   4121 |   6 | 1301.0 |
               +--------+--------+--------+--------+--------+-----+--------+

Top non-repeatable levels by time:
     D:5: 2182 daAuts
     D:4: 2054 daAuts
     D:1: 1543 daAuts
     D:2: 1314 daAuts
     D:3: 610 daAuts
     D:6: 102 daAuts
